 Dungeon Crawl Stone Soup version 0.30-a0-313-gae38170b09 (webtiles) character file.

Game seed: 9063701090876806690

4393 Pooter the Grappler (level 10, -16/94 (97) HPs)
             Began as a Troll Monk on Oct 26, 2022.
             Demolished by a komodo dragon (30 damage)
             ... on level 7 of the Dungeon.
             The game lasted 00:57:28 (7020 turns).

Pooter the Grappler (Troll Monk)                    Turns: 7020, Time: 00:57:29

HP:   -16/94 (97)   AC:  5    Str: 23    XL:     10   Next: 13%
MP:   13/13         EV: 12    Int:  6    God:
Gold: 205           SH:  5    Dex: 20    Spells: 9/14 levels left

rFire   + . .      SeeInvis .    l - +3 battleaxe
rCold   . . .      Faith    .    (shield currently unavailable)
rNeg    . . .      Spirit   .    O - +1 robe {rF+}
rPois   .          Reflect  +    (helmet restricted)
rElec   .          Harm     .    (no cloak)
rCorr   .          Rampage  .    (gloves unavailable)
Will    .....                    (boots unavailable)
Stlth   ++........               r - amulet of reflection
HPRegen 1.15/turn                o - +6 ring of dexterity
MPRegen 0.13/turn                (no ring)

@: lightly drained
A: large, unfitting armour, claws 3, regeneration 1, shaggy fur 1, tough skin 1
a: no special abilities


You were on level 7 of the Dungeon.
You visited 2 branches of the dungeon, and saw 9 of its levels.
You also visited: Ossuary.

You collected 431 gold pieces.
You spent 226 gold pieces at shops.

Inventory:

Hand Weapons
 b - a +1 arbalest of flaming
   (You bought it in a shop on level 6 of the Dungeon)
 j - the +5 long sword "Ixywa" {drain, Int+4}
   (You found it on level 2 of the Dungeon)

   A truly terrible weapon, it drains the life of any living foe it strikes.
   Int:       It affects your intelligence (+4).
 l - a +3 battleaxe (weapon)
   (You took it off a wight on level 8 of the Dungeon)
 q - a +0 dire flail of holy wrath
   (You took it off Edmund on level 4 of the Dungeon)
 B - a +0 trident
   (You took it off an orc priest on level 5 of the Dungeon)
 E - a +0 sling
   (You took it off a goblin on level 3 of the Dungeon)
 M - a +0 morningstar
   (You took it off a wight on level 8 of the Dungeon)
 N - a +4 hand axe of freezing
   (You took it off a wight on level 7 of the Dungeon)
Missiles
 m - 2 boomerangs
 x - 4 poisoned darts
 D - a javelin
 K - 2 atropa-tipped darts
 Q - 46 stones (quivered)
Armour
 O - a +1 robe of fire resistance (worn)
   (You took it off a wight on level 7 of the Dungeon)
Magical Staves
 h - a staff of earth
   (You found it on level 1 of the Dungeon)
 u - a staff of poison
   (You took it off a goblin on level 4 of the Dungeon)
Jewellery
 o - a +6 ring of dexterity (left claw)
   (You found it on level 3 of the Dungeon)
 r - an amulet of reflection (around neck)
   (You took it off a goblin on level 4 of the Dungeon)
Wands
 f - a wand of flame (14)
   (You took it off Edmund on level 4 of the Dungeon)
 p - a wand of roots (5)
   (You took it off Ijyb on level 4 of the Dungeon)
Scrolls
 d - 2 scrolls of silence
 i - 4 scrolls of identify {@r1}
 n - a scroll of noise {!r}
 t - 4 scrolls of teleportation {@r4}
 w - 2 scrolls of fear
 y - 2 scrolls of immolation {!r}
 A - 3 scrolls of amnesia
 C - a scroll of torment {!r}
 H - a scroll of fog
 J - 2 scrolls of vulnerability {!r}
Potions
 c - a potion of resistance
 e - 4 potions of mutation {!q}
 g - 3 potions of flight
 k - 2 potions of brilliance
 s - 2 potions of might
 v - a potion of ambrosia
 z - 3 potions of curing {@q1}
 F - 2 potions of heal wounds {@q2}
 G - 3 potions of haste {@q3}
 I - 2 potions of berserk rage
 L - 2 potions of cancellation


   Skills:
 + Level 5.6 Fighting
 - Level 3.3 Long Blades
 * Level 3.3 Ranged Weapons
 - Level 4.7 Dodging
 - Level 1.0 Stealth
 * Level 9.2 Unarmed Combat
 - Level 2.8 Spellcasting
 + Level 2.4 Translocations


You had 9 spell levels left.
You knew the following spells:

 Your Spells              Type           Power      Damage    Failure   Level
a - Dazzling Flash        Conj/Hex       0%         N/A       75%         3
b - Blink                 Tloc           6%         N/A       21%         2

Your spell library contained the following spells:

 Spells                   Type           Power      Damage    Failure   Level
 Static Discharge         Conj/Air       0%         2-2/arc   50%         2
 Sublimation of Blood     Necr           0%         N/A       50%         2
 Wereblood                Tmut           0%         N/A       50%         2
 Vhi's Electric Charge    Tloc/Air       4%         N/A       56%         3
 Manifold Assault         Tloc           3%         N/A       80%         4
 Iskenderun's Mystic Bla  Conj/Tloc      2%         2d3       92%         4
 Arcjolt                  Conj/Air       0%         1d10      100%        5
 Lightning Bolt           Conj/Air       0%         1d11      100%        5
 Starburst                Conj/Fire      0%         6d3       100%        6
 Storm Form               Tmut/Air       0%         N/A       100%        7
 Summon Hydra             Summ           0%         N/A       100%        7


Dungeon Overview and Level Annotations

Branches:
Dungeon (8/15)             Temple (1/1) D:6         Ossuary (visited)
   Lair: D:8-11

Altars:
Ashenzari
Cheibriados
Dithmenos
Elyvilon
Fedhas
Gozag
Hepliaklqana
Kikubaaqudgha
Makhleb
Nemelex Xobeh
Qazlal
Ru
Sif Muna
Trog
Uskayaw
Vehumet
Wu Jian
Xom
Yredelemnul
Zin
The Shining One

Shops:
D:2 *   D:6 *

Annotations:
D:3 1 runed translucent door, Crazy Yiuf


Innate Abilities, Weirdness & Mutations

You are too large for most types of armour.
You have claws for hands.
Your natural rate of healing is unusually fast.
You are covered in fur. (AC +1)
You have tough skin. (AC +1)


Message History

The wight freezes you.
You barely miss the wight. You block the wight's attack.
You mangle the wight!!
You destroy the wight!
Your life force feels restored.
Things that are here:
a +5 flail of freezing; a +1 robe of fire resistance; a +0 robe You start removing your armour.
You continue taking off your +0 robe. x4
You finish taking off your +0 robe.
You start putting on your armour.
You continue putting on your +1 robe of fire resistance. x5
You finish putting on your +1 robe of fire resistance.
You feel resistant to fire.
You drop a +0 robe.
There is a stone staircase leading down here.
You climb downwards.
The wight hits you with a +0 falchion!
You feel drained. The orc completely misses you. The komodo dragon bites you!!
You block the wight's attack. The orc hits you with a +0 club.
There is a stone staircase leading up, spattered with blood here.
The komodo dragon bites you but does no damage.
The wight barely misses you. You block the orc's attack.
You climb upwards.
There is a stone staircase leading down here.
l - a +3 battleaxe (weapon)
The komodo dragon hisses menacingly.
The komodo dragon bites you but does no damage.
You slash the komodo dragon! You slash the orc!
You kill the orc!
You closely miss the wight. The wight hits you but does no damage.
The komodo dragon bites you but does no damage.
The wight hits you with a +0 falchion.
You feel drained.
The komodo dragon bites you but does no damage.
You hit the komodo dragon. You slash the wight! The wight barely misses you.
You block the komodo dragon's attack. The wight closely misses you.
You hit the komodo dragon. You hit the wight but do no damage.
You block the komodo dragon's attack. The wight hits you with a +0 falchion!
The komodo dragon misses you.
You closely miss the komodo dragon. You slash the wight!
You destroy the wight!
The komodo dragon bites you!!
* * * LOW HITPOINT WARNING * * *
The komodo dragon bites you!
* * * LOW HITPOINT WARNING * * *
You slash the komodo dragon! The komodo dragon bites you!
* * * LOW HITPOINT WARNING * * *
You slash the komodo dragon! The komodo dragon bites you!
* * * LOW HITPOINT WARNING * * *
The komodo dragon completely misses you.
You slash the komodo dragon! The komodo dragon bites you!!
You die...

#..##..#. #### ############
#..## #...........
#...###...........
##.....#..####....#
##......#..# #....#
#.......#..# #....#
#.))[...#..####....#
#####.@....#...........
#......l...'...........
##'##.......'.......)...
###~~~#.......#...........
#.+~~~+.......#..####....#
###.#~~~#.......#..# #....#
##...##+##.......#..# #....#
#................#..####....#
###..##..........#...........


You could see a komodo dragon.

Vanquished Creatures
  A wyvern (D:7)
  Edmund (D:4)
  A water moccasin (D:8)
  An orc warrior (D:7)
  A black bear (D:7)
  4 ice beasts
  A sky beast (D:7)
  4 ogres
  2 centaurs
  2 phantoms
  4 elf zombies
  3 bullfrogs (D:8)
  5 scorpions
  2 elf skeletons (D:7)
  10 wights
  5 howler monkeys
  2 jellies (D:7)
  2 gnoll boudas
  2 hounds (D:5)
  3 orc priests
  3 human zombies
  2 human skeletons (D:7)
  Ijyb (D:4)
  4 iguanas
  5 orc wizards
  Natasha (thrice) (D:3)
  3 hound zombies (Ossuary)
  4 mummies (Ossuary)
  Robin (D:3)
  8 gnolls
  9 adders
  A white imp (D:6)
  2 ufetubi
  A worm (D:4)
  A dart slug (D:1)
  19 orcs
  6 ball pythons
  8 endoplasms
  2 giant cockroaches (D:4)
  18 goblins
  10 hobgoblins
  2 quokkas
  6 bats
  5 frilled lizards
  2 hobgoblin zombies (Ossuary)
  2 jackal zombies (Ossuary)
  6 kobolds
  3 orc skeletons (D:7)
  2 rats
  2 rat zombies (Ossuary)
197 creatures vanquished.

Vanquished Creatures (others)
  44 fungi (D:8)
  44 plants (D:8)
88 creatures vanquished.

Grand Total: 285 creatures vanquished

Notes
Turn   | Place    | Note
-------+----------+-------------------------------------------
     0 | D:1      | Pooter the Troll Monk began the quest for the Orb.
     0 | D:1      | Reached XP level 1. HP: 22/22 MP: 0/0
   166 | D:1      | Reached XP level 2. HP: 29/29 MP: 1/1
   720 | D:1      | Reached XP level 3. HP: 36/36 MP: 2/2
   927 | D:2      | Found Wungeume's General Store.
   934 | D:2      | Bought 3 javelins for 33 gold pieces
  1017 | D:2      | Bought a potion of curing for 42 gold pieces
  1152 | D:1      | Reached XP level 4. HP: 18/44 MP: 4/4
  1229 | D:2      | Reached skill level 4 in Unarmed Combat
  1273 | D:2      | Identified the +5 long sword "Ixywa" {drain, Int+4}
  1434 | D:2      | Reached skill level 1 in Spellcasting
  1455 | D:3      | Reached XP level 5. HP: 50/53 MP: 5/5
  1549 | D:3      | Noticed Natasha
  1554 | D:3      | Killed Natasha
  1567 | D:3      | Noticed Natasha
  1574 | D:3      | Killed Natasha
  1605 | D:3      | Found a shadowy altar of Dithmenos.
  1674 | D:3      | Noticed Natasha
  1686 | D:3      | Killed Natasha
  1753 | D:3      | You fall into a shaft and drop 2 floors!
  1753 | D:5      | Entered Level 5 of the Dungeon
  1768 | D:5      | Noticed a phantom
  1781 | D:5      | Noticed an ice beast
  1782 | D:5      | Reached XP level 6. HP: 41/61 MP: 6/6
  1786 | D:5      | Reached skill level 1 in Long Blades
  1804 | D:4      | Reached skill level 5 in Unarmed Combat
  1958 | D:4      | Learned a level 3 spell: Dazzling Flash
  1964 | D:4      | Noticed Ijyb
  1984 | D:4      | Noticed Edmund
  2003 | D:4      | HP: 3/61 [Edmund/+0 dire flail of holy wrath (15)]
  2005 | D:4      | Killed Edmund
  2006 | D:4      | Reached XP level 7. HP: 5/67 MP: 8/8
  2507 | D:4      | Killed Ijyb
  2707 | D:3      | Found a snail-covered altar of Cheibriados.
  2766 | D:3      | Noticed Robin
  2778 | D:3      | Killed Robin
  2806 | D:3      | Found a white marble altar of Elyvilon.
  2808 | D:3      | Found a sacrificial altar of Ru.
  2980 | D:3      | Found a runed translucent door.
  2981 | D:3      | Noticed Crazy Yiuf
  3302 | D:3      | Upgraded the game from 0.30-a0-311-gf115ab0292 to
                  | 0.30-a0-313-gae38170b09
  3915 | D:4      | Reached skill level 6 in Unarmed Combat
  3992 | D:5      | Reached XP level 8. HP: 74/78 MP: 10/10
  4557 | D:5      | Reached skill level 7 in Unarmed Combat
  4819 | D:6      | Found Jiwkusk's Fire Supplies.
  4952 | D:6      | Reached XP level 9. HP: 78/85 MP: 12/12
  5100 | D:6      | Found a staircase to the Ecumenical Temple.
  5117 | Temple   | Entered the Ecumenical Temple
  5276 | D:6      | Bought a +1 arbalest of flaming for 151 gold pieces
  5427 | D:7      | Found a sparkling altar of Nemelex Xobeh.
  5501 | D:7      | Reached skill level 1 in Ranged Weapons
  5679 | D:7      | Reached skill level 8 in Unarmed Combat
  5826 | D:7      | Reached skill level 5 in Fighting
  5826 | D:7      | Reached skill level 1 in Translocations
  5897 | D:7      | Found a sand-covered staircase.
  5909 | Ossuary  | Entered an ossuary
  6392 | D:7      | Learned a level 2 spell: Blink
  6624 | D:8      | Reached skill level 9 in Unarmed Combat
  6632 | D:8      | Reached XP level 10. HP: 47/96 MP: 13/13
  7020 | D:7      | Demolished by a komodo dragon

Illustrated notes

Levels and vault maps discovered:
D:1:      dpeg_arrival_lava_altar, layout_loops_corners,
          nicolae_concentric_dashed_squares_wild, minmay_misc_feat_enclosed,
          minmay_misc_feat_five, serial_bayou_pond_d, minmay_pentomino_z4
D:2:      layout_basic, serial_shops, shop
D:3:      layout_loops_ring, lemuel_tele_altar,
          chequers_temple_overflow_statue_of_worship,
          nicolae_dithmenos_the_darkroom, uniq_robin, uniq_natasha,
          uniq_crazy_yiuf_cottage
D:4:      layout_basic, grunt_decor_fettered, uniq_ijyb, uniq_edmund
D:5:      layout_basic, hex_intersection, st_stairs_7
D:6:      layout_rooms, minmay_temple_entry_offerings, nicolae_eternal_life,
          nicolae_shop_fire_sale [nicolae_sub_dead_trees]
D:7:      layout_cave_pools, nemelex_xobeh_ov_fountains_minmay,
          nicolae_ossuary_entry_catacombs, kennysheep_donut,
          minmay_misc_feat_encased, minmay_liquid_box,
          chequers_serial_rivers_micro_e, kennysheep_dice
D:8:      layout_rooms, due_lair_maze_entry_diamond
Temple:   kb_temple_of_zot

Skill      XL: |  1  2  3  4  5  6  7  8  9 |
---------------+----------------------------+-----
Unarmed Combat | 4 5 6 7 9 |  9.2
Spellcasting   | 1 2 |  2.8
Fighting       | 3 4 5 |  5.6
Dodging        | 3 4 |  4.7
Long Blades    | 1 2 3 |  3.3
Ranged Weapons | 3 |  3.3
Translocations | 2 |  2.4
Stealth        | |  1.0

Action                   |  1- 3 |  4- 6 |  7- 9 | 10-12 || total
-------------------------+-------+-------+-------+-------++-------
Melee: Unarmed           |    82 |    23 |   295 |    30 ||   430
       Long sword        |       |    77 |    16 |       ||    93
       Punch             |       |       |    16 |     3 ||    19
       Battleaxe         |       |       |       |     7 ||     7
 Fire: Sling             |       |       |     7 |       ||     7
       Shortbow          |       |       |    34 |       ||    34
       Arbalest          |       |       |    35 |     2 ||    37
Throw: Javelin           |     7 |     5 |    11 |     2 ||    25
       Boomerang         |       |     4 |     3 |       ||     7
       Stone             |       |     3 |     5 |       ||     8
       Dart              |       |       |     1 |       ||     1
Evoke: Wand              |       |       |     8 |       ||     8
  Use: Potion            |     1 |     2 |     1 |       ||     4
       Scroll            |       |     5 |    16 |       ||    21
 Stab: Sleeping          |     1 |     4 |     4 |       ||     9
Armor: Robe              |    21 |    40 |    86 |    12 ||   159
Dodge: Dodged            |    44 |    72 |   195 |    22 ||   333
Block: Other             |       |       |    77 |    21 ||    98
       Reflection        |       |       |     3 |       ||     3

Table legend: (Time is in decaauts)
 A = Elapsed time spent in this place.
 B = Non-inter-level travel time spent in this place.
 C = Inter-level travel time spent in this place.
 D = Time resting spent in this place.
 E = Time spent auto-exploring this place.
 F = Levels seen in this place.
 G = Mean time per level.
                   A        B        C        D        E       F      G
               +--------+--------+--------+--------+--------+-----+--------+
         Total |   7047 |   6739 |    308 |    830 |   3695 |  10 |  704.7 |
       Dungeon |   6719 |   6426 |    293 |    798 |   3527 |   8 |  839.9 |
        Temple |    106 |     91 |     15 |      0 |     80 |   1 |  106.0 |
       Ossuary |    221 |    221 |      0 |     32 |     88 |   1 |  221.0 |
               +--------+--------+--------+--------+--------+-----+--------+

Top non-repeatable levels by time:
     D:4: 1457 daAuts
     D:7: 1058 daAuts
     D:3: 1001 daAuts
     D:1: 938 daAuts
     D:5: 813 daAuts
     D:6: 621 daAuts
     D:2: 508 daAuts
     D:8: 320 daAuts
 Ossuary: 221 daAuts
  Temple: 106 daAuts
